 Dungeon Crawl Stone Soup version 0.27.0-1-g7a089689b8 (webtiles) character file.

Game seed: 598844688848880876

100 Ozzies the Skirmisher (level 4, -1/41 HPs)
             Began as a Palentonga Monk on Aug 1, 2021.
             Slain by a sky beast (5 damage)
             ... on level 3 of the Dungeon.
             The game lasted 00:05:08 (3012 turns).

Ozzies the Skirmisher (Palentonga Monk)             Turns: 3012, Time: 00:05:08

Health: -1/41      AC:  4    Str: 16    XL:     4   Next: 47%
Magic:  4/4        EV: 10    Int: 10    God:
Gold:   83         SH:  0    Dex: 12    Spells: 3/3 levels left

rFire    . . .     SeeInvis +   j - +2 short sword (venom)
rCold    . . .     Faith    .   (no shield)
rNeg     . . .     Spirit   .   a - +0 robe
rPois    .         Reflect  .   (no helmet)
rElec    .         Harm     .   (no cloak)
rCorr    .         Rampage  .   (no gloves)
Will     .....                  (no barding)
Stlth    ++........             (no amulet)
HPRegen  0.13/turn              (no ring)
MPRegen  0.09/turn              (no ring)

@: no status effects
A: large, rugged brown scales 3, see invisible, deformed body, roll 1, armoured
tail
a: Rolling Charge


You were on level 3 of the Dungeon.
You visited 1 branch of the dungeon, and saw 3 of its levels.

You collected 83 gold pieces.

Inventory:

Hand Weapons
 j - a +2 short sword of venom (weapon)
Missiles
 b - 69 stones
 e - 19 sling bullets
Armour
 a - a +0 robe (worn)
 g - a +0 pair of gloves
 h - a +0 pair of gloves
Scrolls
 c - 2 scrolls of amnesia {unknown}
 d - 3 scrolls of teleportation {unknown}
 f - a scroll of blinking {unknown}
 k - a scroll of acquirement {unknown}
 l - a scroll of torment {unknown}
 o - 2 scrolls of identify {unknown}
Potions
 i - a potion of flight {unknown}
 m - a potion of ambrosia {unknown}
 n - a potion of haste {unknown}


   Skills:
 + Level 5.3 Fighting
 - Level 2.4 Dodging
 - Level 1.2 Stealth
 - Level 3.0 Unarmed Combat


You had 3 spell levels left.
You didn't know any spells.
Your spell library contained the following spells:

 Spells                   Type           Power      Damage    Failure   Level
 Gell's Gravitas          Tloc           0%         N/A       75%         3
 Teleport Other           Tloc           0%         N/A       75%         3
 Dispersal                Tloc           0%         N/A       100%        6


Dungeon Overview and Level Annotations

Branches:
Dungeon (3/15)

Altars:


Innate Abilities, Weirdness & Mutations

You are completely covered in rugged brown scales. (AC +3, +7% HP)
You have supernaturally acute eyesight. (SInv)
Armour fits poorly on your strangely shaped body.
You can roll at nearby foes to attack.
You have a long armoured tail.


Message History

An adder is nearby!
An adder is nearby!
A rat comes into view.
The adder hisses angrily.
An adder comes into view.
You hit the adder.
The adder is heavily wounded.
The adder bites you but does no damage.
You hit the adder but do no damage.
The adder is poisoned.
The adder is heavily wounded.
The adder barely misses you. The adder bites you but does no damage.
You hit the adder.
The adder looks as sick as possible!
Your tail-slap misses the adder.
The adder is severely wounded.
The adder misses you. The adder bites you.
You hit the adder but do no damage.
The adder looks as sick as possible!
The adder is severely wounded.
The adder barely misses you. x2; The adder bites you but does no damage.
You miss the adder.
The adder is almost dead.
The adder barely misses you. The adder closely misses you.
The adder bites you but does no damage.
You miss the adder.
The adder is almost dead.
You kill the adder!
The adder barely misses you. The adder closely misses you.
You miss the adder. You tail-slap the adder.
The adder is moderately wounded.
The adder barely misses you.
You hit the adder.
The adder is poisoned.
The adder is almost dead.
The adder closely misses you. The adder bites you.
You puncture the adder!
You kill the adder!
You hit the rat.
You kill the rat!
No target in view!
No target in view!
No target in view!
No target in view!
No target in view!
No target in view!
No target in view!
No target in view!
No target in view!
No target in view!
No target in view!
No target in view!
No target in view!
No target in view!
You are a level 4 Palentonga Monk.
You are 47% of the way to level 5.
Play time: 00:04:54 (2983 turns).
Zot will find you in 15015 turns if you stay in this branch and explore no new floors.
You aren't wearing any rings or amulets.
You don't have any such object.
Take off which item? (? for menu, Esc to quit)
You don't have any such object.
Take off which item? (? for menu, Esc to quit)
You don't have any such object.
Take off which item? (? for menu, Esc to quit)
You don't have any such object.
Take off which item? (? for menu, Esc to quit)
You don't have any such object.
Take off which item? (? for menu, Esc to quit)
Okay, then.
Things that are here:
a rat corpse; an adder corpse You have 83 gold pieces.
Char dumped successfully.
Your movement speed is average.
Your attack delay is about 1.1.
You are not religious.
A sky beast comes into view.
You closely miss the sky beast. The sky beast hits you.
The sky beast shocks you.
You hit the sky beast. You tail-slap the sky beast.
The sky beast is moderately wounded.
The sky beast flickers out of sight for a moment.
The sky beast hits you. The sky beast shocks you.
You are too injured to fight recklessly!
You are too injured to fight recklessly!
You are too injured to fight recklessly!
You are too injured to fight recklessly!
You completely miss the sky beast.
Your tail-slap misses the sky beast.
You punch the sky beast.
The sky beast is moderately wounded.
The sky beast hits you. The sky beast shocks you.
You closely miss the sky beast.
The sky beast is moderately wounded.
The sky beast hits you but does no damage.
You hit the sky beast. You tail-slap the sky beast.
The sky beast is heavily wounded.
The sky beast hits you. The sky beast shocks you.
* * * LOW HITPOINT WARNING * * *
You hit the sky beast.
The sky beast is poisoned.
The sky beast is severely wounded.
The sky beast hits you but does no damage.
The sky beast hits you.
* * * LOW HITPOINT WARNING * * *
The sky beast shocks you.
You die...

### # #.. .#
#.####.##
#Y##....
#@##.#.#
#.##.#.##
#.......#
##.#.P..#
##.#....##
#....†P†.#####
#..#.P........
#..##..........#
#..............#


You could see a sky beast (very poisoned).

Vanquished Creatures
  3 gnolls (D:3)
  3 adders (D:3)
  An adder zombie (D:3)
  3 endoplasms (D:3)
  5 giant cockroaches
  2 goblins
  A hobgoblin (D:1)
  2 jackals (D:2)
  5 quokkas
  4 ball pythons
  4 bats (D:1)
  4 frilled lizards
  2 kobolds
  A quokka skeleton (D:3)
  2 rats
42 creatures vanquished.

Vanquished Creatures (others)
  4 toadstools (D:1)
  2 withered plants (D:3)
6 creatures vanquished.

Grand Total: 48 creatures vanquished

Notes
Turn   | Place    | Note
-------+----------+-------------------------------------------
     0 | D:1      | Ozzies the Palentonga Monk began the quest for the Orb.
     0 | D:1      | Reached XP level 1. HP: 19/19 MP: 1/1
   252 | D:1      | Reached XP level 2. HP: 23/25 MP: 2/2
   515 | D:1      | Found a faded altar of an unknown god.
  1189 | D:2      | Reached skill level 4 in Fighting
  2029 | D:3      | Reached XP level 3. HP: 25/32 MP: 3/3
  2757 | D:3      | Reached skill level 5 in Fighting
  2757 | D:3      | Reached XP level 4. HP: 38/41 MP: 4/4
  3004 | D:3      | Noticed a sky beast
  3012 | D:3      | Slain by a sky beast

Illustrated notes

Levels and vault maps discovered:
D:1:      ldierk_walled_garden_2, layout_basic,
          chequers_ecumenical_altar_simple_redux
D:2:      layout_loops_ring
D:3:      layout_loops_cross, grunt_temple_overflow_opulence, serial_undead,
          serial_undead_b, serial_undead_f, serial_undead_b, serial_undead_b,
          minmay_quantized

Skill      XL: |  1  2  3 |
---------------+----------+-----
Fighting       | 4 5 |  5.3
Dodging        | |  2.4
Stealth        | |  1.2
Unarmed Combat | |  3.0

Action                   |  1- 3 |  4- 6 || total
-------------------------+-------+-------++-------
Melee: Unarmed           |    88 |       ||    88
       Tailslap          |    10 |     3 ||    13
       Short sword       |    34 |    26 ||    60
       Punch             |     1 |     1 ||     2
 Abil: Rolling Charge    |     1 |       ||     1
 Stab: Sleeping          |     2 |       ||     2
Armor: Robe              |    35 |     7 ||    42
Dodge: Dodged            |    69 |    15 ||    84
